 Dungeon Crawl Stone Soup version 0.31-a0-963-ga325b2283a (webtiles) character file.

Game seed: 3628815189693884851

406 IdlyInterested the Changeling (level 6, -1/47 HPs)
             Began as a Demonspawn Fighter on Oct 24, 2023.
             Slain by a gnoll
             ... wielding a +0 whip
              (3 damage)
             ... on level 4 of the Dungeon.
             The game lasted 00:09:05 (3449 turns).

IdlyInterested the Changeling (Demonspawn Fighter)  Turns: 3449, Time: 00:09:06

Health: -1/47      AC:  4    Str: 17    XL:     6   Next: 56%
Magic:  15/15      EV: 11    Int:  9    God:
Gold:   190        SH:  9    Dex: 14    Spells: 5/5 levels left

rFire   . . .        m - +2 dagger (venom)
rCold   + . .        b - +0 buckler
rNeg    + . .        y - +1 leather armour {rC+}
rPois   .            (helmet currently unavailable)
rElec   .            (cloak currently unavailable)
rCorr   .            (gloves currently unavailable)
SInv    .            (boots currently unavailable)
Will    .....        h - amulet of reflection
Stlth   +            g - ring of positive energy
HPRegen 0.27/turn    p - ring of magical power
MPRegen 0.14/turn

%: reflection
@: beast-form
A: beast (slay +2), antennae 2, powered by death 1, weakness stinger 1
a: Begin Untransformation


You were on level 4 of the Dungeon.
You were a hulking beast.
You visited 1 branch of the dungeon, and saw 4 of its levels.

You collected 190 gold pieces.

Inventory:

Hand Weapons
 m - a +2 dagger of venom (weapon)
 q - a +0 short sword
 A - a +0 falchion
 E - a +0 flail
Missiles
 o - 14 stones (quivered)
Armour
 a - a +0 scale mail
 b - a +0 buckler (worn)
 d - a +0 leather armour
 i - a +0 ring mail
 w - a +0 robe
 y - a +1 leather armour of cold resistance (worn)
Magical Staves
 v - a staff of death
Jewellery
 g - a ring of positive energy (left hand)
 h - an amulet of reflection (around neck)
 p - a ring of magical power (right hand)
Talismans
 e - a beast talisman (active)
Wands
 l - a wand of mindburst (7)
Scrolls
 f - 3 scrolls of immolation {unknown}
 n - a scroll of fog {unknown}
 r - 3 scrolls of identify {unknown}
 s - 2 scrolls of teleportation {unknown}
 u - a scroll of butterflies {unknown}
 x - 2 scrolls of poison {unknown}
 B - a scroll of enchant weapon {unknown}
 D - a scroll of vulnerability {unknown}
Potions
 c - a potion of might
 j - a potion of attraction {unknown}
 t - a potion of degeneration {unknown}
 z - a potion of heal wounds {unknown}
 C - a potion of cancellation {unknown}


   Skills:
 - Level 3.0 Fighting
 - Level 3.0 Armour
 - Level 1.0 Dodging
 - Level 1.0 Stealth
 - Level 2.6 Shields
 - Level 1.7 Unarmed Combat
 - Level 1.0 Evocations
 + Level 5.0 Shapeshifting


You had 5 spell levels left.
You didn't know any spells.
Your spell library contained the following spells:

 Spells                   Type           Power      Damage    Failure   Level
 Foxfire                  Conj/Fire      0%         2x1d4     54%         1
 Plasma Beam              Fire/Air       0%         2x1d10    100%        6
 Starburst                Conj/Fire      0%         6d3       100%        6


Dungeon Overview and Level Annotations

Branches:
Dungeon (4/15)
 Temple: D:4-7

Altars:
Hepliaklqana
Makhleb
Wu Jian


Innate Abilities, Weirdness & Mutations

You are a hulking beast.
Your limbs bulge with bestial killing power. (Slay +2)
You have a pair of antennae on your head.
You regenerate a little health from kills.
You have a small tail.


Message History

The gnoll moves out of view.
The gnoll attacks as it pursues you! You block the gnoll's attack.
You block the gnoll's attack. The gnoll hits you with a +0 halberd!
You puncture the gnoll!
The gnoll is poisoned.
The gnoll is heavily wounded.
The gnoll hits you with a +0 halberd!
You barely miss the gnoll.
Your tail-slap misses the gnoll.
The gnoll is heavily wounded.
The gnoll barely misses you.
You closely miss the gnoll.
The gnoll is heavily wounded.
You block the gnoll's attack.
You barely miss the gnoll.
The gnoll is heavily wounded.
The gnoll hits you with a +0 halberd!
You barely miss the gnoll.
Your tail-slap misses the gnoll.
The gnoll is almost dead.
You kill the gnoll!
You hit the gnoll but do no damage.
The gnoll is poisoned.
The gnoll closely misses you.
You hit the gnoll.
The gnoll looks even sicker.
The gnoll is heavily wounded.
You block the gnoll's attack.
You hit the gnoll but do no damage. You tail-slap the gnoll.
The gnoll is almost dead.
The gnoll hits you with a +0 club.
* * * LOW HITPOINT WARNING * * *
You hit the gnoll but do no damage.
The gnoll looks as sick as possible!
You tail-slap the gnoll.
You kill the gnoll!
Okay, then.
You hit the gnoll.
The gnoll is heavily wounded.
The gnoll hits you with a +0 whip!
* * * LOW HITPOINT WARNING * * *
You hit the gnoll.
The gnoll is heavily wounded.
The gnoll hits you with a +0 whip.
You die...

###... .#
#..... #.##
..... #...#
...##.....
#..#......
#..g{{{_.! #.#,
######.##
#..hgg..#
#.####.##
#.##...## ###
#.##.#.. ...
#.##.#.## #.#
#.##.#.###.#.##
#.......<.###.#
####.#.###.#<.#
#.#.####.#.#


You could see 2 gnolls.

Vanquished Creatures
  A phantom (D:4)
  2 scorpions (D:3)
  A howler monkey (D:4)
  Terence (D:2)
  2 gnolls (D:4)
  6 adders
  3 worms
  A dart slug (D:1)
  3 orcs
  4 endoplasms
  4 giant cockroaches
  4 hobgoblins
  2 jackals (D:2)
  5 kobolds
  6 quokkas
  9 ball pythons
  5 bats
  5 frilled lizards
  6 goblins
  3 rats
73 creatures vanquished.

Notes
Turn   | Place    | Note
-------+----------+-------------------------------------------
     0 | D:1      | IdlyInterested the Demonspawn Fighter began the quest for
                  | the Orb.
     0 | D:1      | Reached XP level 1. HP: 18/18 MP: 1/1
   147 | D:1      | You fall into a shaft and drop 1 floor!
   185 | D:2      | Reached skill level 1 in Dodging
   185 | D:2      | Discovered your monstrous ancestry.
   185 | D:2      | Gained mutation: You have a pair of small antennae on your
                  | head. [demonic ancestry]
   185 | D:2      | Reached XP level 2. HP: 24/24 MP: 2/2
   231 | D:1      | Reached skill level 1 in Stealth
   454 | D:1      | Reached skill level 1 in Evocations
   481 | D:1      | Gained mutation: You regenerate a little health from kills.
                  | [demonic ancestry]
   481 | D:1      | Reached XP level 3. HP: 25/29 MP: 3/3
   677 | D:1      | Reached skill level 1 in Shapeshifting
  1097 | D:2      | Noticed Terence
  1107 | D:2      | Killed Terence
  1108 | D:2      | Reached skill level 2 in Shapeshifting
  1285 | D:2      | Gained mutation: You have a pair of antennae on your head.
                  | [demonic ancestry]
  1285 | D:2      | Reached XP level 4. HP: 35/35 MP: 4/4
  2198 | D:3      | Noticed a scorpion
  2198 | D:3      | Noticed a scorpion
  2213 | D:3      | Killed a scorpion
  2214 | D:3      | Reached skill level 3 in Shapeshifting
  2214 | D:3      | Reached XP level 5. HP: 26/41 MP: 5/5
  2323 | D:3      | Reached skill level 4 in Shapeshifting
  2947 | D:3      | Gained mutation: You have a small tail. [demonic ancestry]
  2947 | D:3      | Reached XP level 6. HP: 47/47 MP: 6/6
  3181 | D:3      | Found an ornate altar of the Wu Jian Council.
  3181 | D:3      | Found a burning altar of Makhleb.
  3407 | D:4      | Reached skill level 5 in Shapeshifting
  3429 | D:4      | Found a hazy altar of Hepliaklqana.
  3448 | D:4      | HP: 1/47 [gnoll/+0 whip (9)]
  3449 | D:4      | Slain by a gnoll

Illustrated notes

Levels and vault maps discovered:
D:1:      eino_arrival_water_cross, layout_loops_ring, serial_park_tiny_1,
          st_stairs_10
D:2:      layout_basic, uniq_terence
D:3:      layout_loops_corners, gammafunk_temple_overflow_pools,
          minmay_divided_ellipse
D:4:      layout_loops_ring, lemuel_round_altar,
          minmay_temple_entry_antechambers, minmay_goblin_kobold_house

Skill      XL: |  1  2  3  4  5  6 |
---------------+-------------------+-----
Armour         | 3 |  3.0
Dodging        | 1 |  1.0
Stealth        | 1 |  1.0
Evocations     | 1 |  1.0
Shapeshifting  | 2 3 4 5 |  5.0
Fighting       | |  3.0
Shields        | |  2.6
Unarmed Combat | |  1.7

Action                     |  1- 3 |  4- 6 || total
---------------------------+-------+-------++-------
  Melee: Unarmed           |    39 |       ||    39
         Dagger            |    70 |   119 ||   189
         Tailslap          |       |     5 ||     5
  Throw: Stone             |       |     3 ||     3
  Evoke: Wand              |     1 |       ||     1
   Stab: Sleeping          |       |     3 ||     3
 Armour: Scale mail        |    61 |    10 ||    71
         Leather armour    |       |    34 ||    34
  Dodge: Dodged            |    38 |    29 ||    67
  Block: Buckler           |    44 |    38 ||    82
   Form: Beast             |     1 |       ||     1

Table legend: (Time is in decaauts)
 A = Elapsed time spent in this place.
 B = Non-inter-level travel time spent in this place.
 C = Inter-level travel time spent in this place.
 D = Time resting spent in this place.
 E = Time spent auto-exploring this place.
 F = Levels seen in this place.
 G = Mean time per level.
                   A        B        C        D        E       F      G
               +--------+--------+--------+--------+--------+-----+--------+
         Total |   3455 |   3180 |    275 |    297 |   2037 |   4 |  863.8 |
       Dungeon |   3455 |   3180 |    275 |    297 |   2037 |   4 |  863.8 |
               +--------+--------+--------+--------+--------+-----+--------+

Top non-repeatable levels by time:
     D:3: 1207 daAuts
     D:1: 1037 daAuts
     D:2: 999 daAuts
     D:4: 212 daAuts
